 Dungeon Crawl Stone Soup version 0.29-a0-998-g1987434951 (webtiles) character file.

Game seed: 3645158312750713247

105 Combs the Chiller (level 4, -11/30 HPs)
             Began as a Merfolk Ice Elementalist on Aug 6, 2022.
             Mangled by an orc warrior
             ... wielding a +0 halberd
              (15 damage)
             ... on level 4 of the Dungeon.
             The game lasted 00:21:01 (3715 turns).

Combs the Chiller (Merfolk Ice Elementalist)        Turns: 3715, Time: 00:21:02

Health: -11/30     AC:  2    Str:  8    XL:     4   Next: 83%
Magic:  7/9        EV: 12    Int: 16    God:
Gold:   140        SH:  0    Dex: 12    Spells: 5/9 levels left

rFire   . . .      SeeInvis .   p - +0 spear (freeze)
rCold   . . .      Faith    .   (no shield)
rNeg    . . .      Spirit   .   a - +0 robe
rPois   +          Reflect  .   (helmet restricted)
rElec   .          Harm     .   (no cloak)
rCorr   .          Rampage  .   (no gloves)
Will    .....                   (no boots)
Stlth   ++........              (no amulet)
HPRegen 0.10/turn               (no ring)
MPRegen 0.11/turn               (no ring)

@: no status effects
A: (nimble swimmer 2), mertail, horns 1, clumsy 1, high MP 1, poison resistance,
subdued magic 1
a: no special abilities


You were on level 4 of the Dungeon.
You visited 1 branch of the dungeon, and saw 4 of its levels.

You collected 140 gold pieces.

Inventory:

Hand Weapons
 h - a +0 dagger
 p - a +0 spear of freezing (weapon)
Armour
 a - a +0 robe (worn)
Scrolls
 c - a scroll of silence {unknown}
 d - 3 scrolls of identify {unknown}
 g - a scroll of enchant weapon {unknown}
 j - a scroll of brand weapon {unknown}
 n - a scroll of torment {unknown}
 o - a scroll of amnesia {unknown}
 q - a scroll of teleportation {unknown}
Potions
 b - a potion of magic
 e - a potion of curing
 f - a potion of heal wounds
 i - a potion of brilliance {unknown}
 k - 2 potions of haste
 l - a potion of ambrosia {unknown}
 m - 3 potions of berserk rage {unknown}
 r - a potion of might {unknown}
 s - a potion of flight {unknown}


   Skills:
 - Level 0.3 Polearms
 * Level 3.3 Dodging
 - Level 2.1 Stealth
 + Level 3.0 Spellcasting
 + Level 5.7 Ice Magic


You had 5 spell levels left.
You knew the following spells:

 Your Spells              Type           Power      Damage    Failure   Level
a - Freeze                Ice            60%        1d8       1%          1
b - Frozen Ramparts       Ice            30%        1d11      4%          3

Your spell library contained the following spells:

 Spells                   Type           Power      Damage    Failure   Level
 Ozocubu's Armour         Ice            15%        N/A       4%          3
 Ensorcelled Hibernation  Hex/Ice        16%        N/A       7%          2
 Dazzling Flash           Conj/Hex       2%         N/A       45%         3
 Spider Form              Tmut/Pois      1%         N/A       45%         3
 Hailstorm                Conj/Ice       8%         3d4       45%         4
 Anguish                  Hex/Necr       0%         N/A       86%         4
 Agony                    Necr           1%         N/A       99%         5
 Silence                  Hex/Air        0%         N/A       99%         5


Dungeon Overview and Level Annotations

Branches:
Dungeon (4/15)
 Temple: D:4-7

Altars:

Annotations:
D:4 Sigmund


Innate Abilities, Weirdness & Mutations

((You are very nimble when in or above water. (Stealth+, EV+, Speed+++)))
Your lower body shifts to a powerful aquatic tail in water.
You have a pair of small horns on your head.
You are clumsy. (Dex -2)
You have an increased reservoir of magic. (+10% MP)
Your system is resistant to poisons. (rPois)
Your spells are a little easier to cast, but a little less powerful.


Message History

The wall freezes the orc.
Press: ? - help, v - describe, . - travel
Here: an orc warrior, wielding a +0 halberd and wearing a +2 plate armour of fire resistance The floor.
You hit the orc but do no damage.
The orc is heavily wounded.
The wall freezes the orc.
You kill the orc!
The wall freezes the orc!
You kill the orc!
The wall freezes the orc warrior.
Your Spellcasting skill increases to level 3!
Reach: p) +0 spear (freeze)
Press: ? - help, Dir - move target, f - orc warrior
Aim: an orc warrior, wielding a +0 halberd and wearing a +2 plate armour of fire resistance (lightly wounded, about 41% to evade your +0 spear of freezing)
You reach to attack!
You hit the orc warrior but do no damage.
The orc warrior is lightly wounded.
The wall freezes the orc warrior!
The orc warrior closely misses you.
Reach: p) +0 spear (freeze)
Press: ? - help, Dir - move target, f/p - orc warrior
Aim: an orc warrior, wielding a +0 halberd and wearing a +2 plate armour of fire resistance (moderately wounded, about 41% to evade your +0 spear of freezing)
You reach to attack!
You hit the orc warrior but do no damage.
The orc warrior is moderately wounded.
The wall freezes the goblin!
You kill the goblin!
The wall freezes the orc warrior but does no damage.
The orc warrior hits you from afar with a +0 halberd!
The wall freezes the orc warrior but does no damage.
The orc warrior hits you from afar with a +0 halberd!
* * * LOW HITPOINT WARNING * * *
Your frozen ramparts will break if you move.
Continue?
Uppercase [Y]es or [N]o only, please.
Your frozen ramparts will break if you move.
Continue?
The frozen ramparts melt away as you move.
There is a stone staircase leading up, spattered with blood here.
The orc warrior hits you from afar with a +0 halberd!
Ouch! That really hurt!
You die...

#########
#.......#
#.......#
#.......#
#.......#
#.....[.#
#......@#
#.......#
####.##o########
#.##....))).#
#.#########.#
#.# ..o #.#


.oog. #.# .....# #.# ....... ## You could see an orc warrior.

Vanquished Creatures
  3 adders
  A shadow imp (D:3)
  A worm (D:2)
  9 orcs
  4 endoplasms
  3 giant cockroaches
  5 goblins
  5 hobgoblins
  9 kobolds
  3 quokkas
  3 ball pythons
  4 bats
  3 frilled lizards (D:1)
  3 rats (D:2)
56 creatures vanquished.

Notes
Turn   | Place    | Note
-------+----------+-------------------------------------------
     0 | D:1      | Combs the Merfolk Ice Elementalist began the quest for the
                  | Orb.
     0 | D:1      | Reached XP level 1. HP: 13/13 MP: 3/3
   241 | D:1      | Found a faded altar of an unknown god.
   573 | D:1      | Reached XP level 2. HP: 19/19 MP: 3/5
  1169 | D:2      | Reached skill level 5 in Ice Magic
  1753 | D:2      | Reached XP level 3. HP: 22/24 MP: 3/6
  2234 | D:3      | Learned a level 3 spell: Frozen Ramparts
  2439 | D:3      | HP: 1/24 [shadow imp/nerve-wracking pain (9)]
  2441 | D:3      | Gained mutation: You are clumsy. (Dex -2) [potion of
                  | mutation]
  2441 | D:3      | Gained mutation: You are occasionally teleported next to
                  | monsters. [potion of mutation]
  2441 | D:3      | Gained mutation: You have a pair of small horns on your
                  | head. [potion of mutation]
  2445 | D:3      | Reached XP level 4. HP: 26/30 MP: 6/8
  2446 | D:3      | Lost mutation: You are occasionally teleported next to
                  | monsters. [potion of mutation]
  2446 | D:3      | Lost mutation: You have a pair of small horns on your head.
                  | [potion of mutation]
  2446 | D:3      | Gained mutation: You have an increased reservoir of magic.
                  | (+10% MP) [potion of mutation]
  2446 | D:3      | Gained mutation: Your spells are a little easier to cast,
                  | but a little less powerful. [potion of mutation]
  2446 | D:3      | Gained mutation: You are somewhat resistant to further
                  | mutation. [potion of mutation]
  2446 | D:3      | Gained mutation: You have a considerably increased
                  | reservoir of magic. (+20% MP) [potion of mutation]
  2518 | D:3      | Identified the +2 leather armour of Niusmoemn {-Tele rElec
                  | Str+7 Int+4}
  2735 | D:3      | Lost mutation: You are somewhat resistant to further
                  | mutation. [potion of mutation]
  2735 | D:3      | Lost mutation: You have a considerably increased reservoir
                  | of magic. (+20% MP) [potion of mutation]
  2735 | D:3      | Lost mutation: You have an increased reservoir of magic.
                  | (+10% MP) [potion of mutation]
  2735 | D:3      | Gained mutation: Your system is resistant to poisons.
                  | (rPois) [potion of mutation]
  2735 | D:3      | Gained mutation: You have a pair of small horns on your
                  | head. [potion of mutation]
  2735 | D:3      | Gained mutation: You have an increased reservoir of magic.
                  | (+10% MP) [potion of mutation]
  3074 | D:4      | Noticed Sigmund
  3477 | D:4      | Noticed an ogre
  3699 | D:4      | Noticed an orc warrior
  3715 | D:4      | Mangled by an orc warrior

Illustrated notes

Levels and vault maps discovered:
D:1:      minmay_arrival_shoal_huts, layout_basic,
          chequers_ecumenical_altar_twisty, serial_aquarium,
          aquarium_bridge_square [aquarium_subvault_bridge,
          aquarium_subvault_window, aquarium_subvault_balcony,
          aquarium_subvault_bridge], aquarium_bridge_square
          [aquarium_subvault_bridge, aquarium_subvault_wall,
          aquarium_subvault_wall, aquarium_subvault_bridge],
          aquarium_window_corridor_1, aquarium_window_fake, aquarium_window_1,
          aquarium_window_1, aquarium_view_2g, aquarium_balcony_double_1
D:2:      layout_loops_cross, chequers_decorated_corner
D:3:      layout_basic
D:4:      layout_rooms, uniq_sigmund

Skill      XL: |  1  2  3  4 |
---------------+-------------+-----
Ice Magic      | 5 |  5.7
Dodging        | 3 |  3.3
Spellcasting   | 3 |  3.0
Polearms       | |  0.3
Stealth        | |  2.1

Action                   |  1- 3 |  4- 6 || total
-------------------------+-------+-------++-------
Melee: Spear             |    60 |    37 ||    97
       Punch             |     1 |     1 ||     2
       Headbutt          |       |     1 ||     1
 Cast: Freeze            |    33 |     7 ||    40
       Frozen Ramparts   |     2 |     4 ||     6
  Use: Potion            |     5 |     2 ||     7
 Stab: Sleeping          |     1 |       ||     1
Armor: Robe              |    14 |     6 ||    20
Dodge: Dodged            |    41 |    27 ||    68

Table legend: (Time is in decaauts)
 A = Elapsed time spent in this place.
 B = Non-inter-level travel time spent in this place.
 C = Inter-level travel time spent in this place.
 D = Time resting spent in this place.
 E = Time spent auto-exploring this place.
 F = Levels seen in this place.
 G = Mean time per level.
                   A        B        C        D        E       F      G
               +--------+--------+--------+--------+--------+-----+--------+
         Total |   3687 |   3525 |    162 |   1048 |   1527 |   4 |  921.8 |
       Dungeon |   3687 |   3525 |    162 |   1048 |   1527 |   4 |  921.8 |
               +--------+--------+--------+--------+--------+-----+--------+

Top non-repeatable levels by time:
     D:3: 1304 daAuts
     D:1: 1108 daAuts
     D:2: 982 daAuts
     D:4: 292 daAuts
